 Dungeon Crawl Stone Soup version 0.21-a0-58-g625dad4 (webtiles) character file.

120199 MirrMurr the Impaler (level 16, -6/228 HPs)
             Began as a Hill Orc Berserker on June 16, 2017.
             Was the Champion of Trog.
             Mangled by an orc knight
             ... wielding a +0 great sword of electrocution
              (14 damage)
             ... on level 2 of the Orcish Mines.
             The game lasted 01:08:34 (28001 turns).

MirrMurr the Impaler (Hill Orc Berserker)          Turns: 28001, Time: 01:08:36

Health: -6/228     AC: 24    Str: 35    XL:     16   Next: 81%
Magic:  16/16      EV: 14    Int: 10    God:    Trog [******]
Gold:   2075       SH:  6    Dex: 12    Spells: 15/15 levels left

rFire    + . .     SeeInvis +   a - +6 bardiche (freeze)
rCold    + . .     Gourm    .   (shield currently unavailable)
rNeg     . . .     Faith    .   V - +2 plate armour {rC+}
rPois    .         Spirit   .   Q - +1 hat {Int+3}
rElec    .         Reflect  +   h - scarf {repulsion}
rCorr    .         Harm     .   m - +1 pair of gloves
MR       +....                  l - +1 pair of boots
Stlth    ..........             f - amulet "Fureen" {Reflect Str+5 SH+6}
HPRegen  0.48/turn              L - ring of protection from fire
MPRegen  0.15/turn              T - ring of see invisible

@: berserking, drained, repel missiles, very quick
A: no striking features
a: Berserk, Trog's Hand, Brothers in Arms, Burn Spellbooks, Renounce Religion


You were on level 2 of the Orcish Mines.
You worshipped Trog.
Trog was exalted by your worship.
You were very hungry.

You visited 4 branches of the dungeon, and saw 24 of its levels.
You also visited: Ice Cave.

You collected 2250 gold pieces.
You spent 175 gold pieces at shops.

Inventory:

Hand Weapons
 a - a +6 bardiche of freezing (weapon)
 b - a +0 blowgun
 w - a +6 halberd of flaming
Missiles
 d - 2 throwing nets {!f}
 k - 89 poisoned needles
 v - 48 tomahawks
 x - 4 curare-tipped needles
 K - 3 javelins (quivered)
 S - 188 stones
Armour
 h - a scarf of repulsion (worn)
 l - a +1 pair of boots (worn)
 m - a +1 pair of gloves (worn)
 Q - a +1 hat of intelligence (worn)
 V - a +2 plate armour of cold resistance (worn)
Jewellery
 f - the amulet "Fureen" (around neck) {Reflect Str+5 SH+6}
   (You bought it in a shop on level 4 of the Dungeon)

   [amulet of reflection]

   It shields you and reflects attacks.
   It affects your strength (+5).
   It affects your SH (+6).
 H - an uncursed ring of ice
 L - a ring of protection from fire (left hand)
 T - a ring of see invisible (right hand)
Wands
 g - a wand of iceblast (8/15)
 C - a wand of polymorph (19/24)
 D - a wand of lightning (8/15)
 G - a wand of clouds (6/9)
 N - a wand of disintegration (16/24)
 P - a wand of acid (8/15)
Scrolls
 j - 7 scrolls of teleportation
 r - 7 scrolls of remove curse
 y - 4 scrolls of recharging
 B - a scroll of immolation
 F - 8 scrolls of identify
 I - 3 scrolls of fog
 J - 2 scrolls of fear
 R - a scroll of magic mapping
 U - a scroll of silence
 W - a scroll of enchant armour
 Y - a scroll of enchant weapon
Potions
 e - a potion of cancellation {unknown}
 i - 4 potions of flight
 o - a potion of heal wounds
 p - 2 potions of curing
 q - a potion of haste
 t - 3 potions of agility
 u - 4 potions of might
 A - 2 potions of ambrosia
 E - 2 potions of mutation
 O - 3 potions of invisibility
Books
 s - a book of Misfortune

   Spells                             Type                      Level
   a - Confusing Touch                Hexes                        1
   b - Confuse                        Hexes                        3
   c - Gell's Gravitas                Translocation                3
   d - Petrify                        Transmutation/Earth          4
   e - Metabolic Englaciation         Hexes/Ice                    5
   f - Yara's Violent Unravelling     Hexes/Transmutation          5
   Trog disapproves of the use of such an item.
Miscellaneous
 X - a lamp of fire
Comestibles
 c - 19 bread rations
 n - 9 meat rations
 z - 19 chunks of flesh
 M - 10 royal jellies


   Skills:
 * Level 16.6(16.2) Fighting
 * Level 19.0(18.6) Polearms
 + Level 14.2(13.9) Armour
 + Level 11.3(11.0) Dodging


You had 15 spell levels left.
You didn't know any spells.

Dungeon Overview and Level Annotations

Branches:
Dungeon (15/15)            Temple (1/1) D:4            Lair (6/6) D:11
  Swamp (0/4) Lair:4        Snake (0/4) Lair:3        Slime (0/5) Lair:5
    Orc (2/2) D:11            Elf (0/3) Orc:2        Vaults (0/5) D:13
 Depths (0/5) D:15

Altars:
Ashenzari
Dithmenos
Gozag
Hepliaklqana
Kikubaaqudgha
Makhleb
Nemelex Xobeh
Ru
Trog
Uskayaw
Vehumet
Wu Jian
Xom
Yredelemnul
The Shining One
Beogh
Jiyva

Shops:
D:4 *   D:5 (   Orc:2 ([

Annotations:
Lair:1 exclusion: 2 oklob plants


Message History

You slice the orc knight!! You freeze the orc knight.
The orc knight is heavily wounded.
The orc knight closely misses you. The orc warrior closely misses you.
You slice the orc knight!! You freeze the orc knight.
The orc knight is severely wounded.
The orc warrior hits you from afar with a glaive.
* * * LOW HITPOINT WARNING * * *
The orc warrior hits you with a hand axe!
* * * LOW HITPOINT WARNING * * *
You closely miss the orc knight.
The orc knight is severely wounded.
The orc knight barely misses you.
You barely miss the orc knight.
The orc knight is severely wounded.
You hear the stately tolling of a distant bell.
You block the orc warrior's attack. The orc warrior closely misses you.
The orc knight hits you with a great sword of electrocution.
* * * LOW HITPOINT WARNING * * *
You are electrocuted!
You die...

........
.................P.P.#..
...........P............
............8.∩..........
)(.......................
.(...............§.......
.................o....$..
...............oo§P......
...............)@#.......
...#.....................
..##....................#
)........................
.........................
.............#...........
.............#...........
.............##....##....
..............#..........


You could see an orc knight and 2 orc warriors.

Vanquished Creatures
  A bone dragon (D:14)
  The ghost of Serafim the Severer, a journeyman MiFi of Okawaru (Lair:4)
  A dire elephant (D:15)
  The ghost of ldierk the Fighter, a journeyman MiGl of Qazlal (Lair:3)
  Josephine (Lair:4)
  Erolcha (D:9)
  4 vault guards (D:13)
  7 hydras
  5 centaur warriors
  A catoblepas (D:15)
  A merfolk avatar (Lair:6)
  An ogre mage (D:15)
  11 two-headed ogres
  Erica (D:9)
  A death knight (D:14)
  6 death yaks
  2 orc high priests (Orc:2)
  2 sea snakes (Lair:6)
  A lindwurm (Lair:6)
  3 orc knights
  A necromancer (IceCv)
  A wizard (D:14)
  A harpy (Lair:6)
  2 deep elf magi (D:14)
  21 ugly things
  4 manticores
  An orc sorcerer (Orc:1)
  7 cyclopes
  A salamander (D:15)
  6 black mambas
  7 centaur zombies
  Joseph (D:9)
  8 elephants (Lair:6)
  A torpor snail (Lair:5)
  An ice statue (IceCv)
  2 gargoyles (D:13)
  4 spiny frogs
  3 kobold demonologists
  2 rime drakes
  11 freezing wraiths
  14 komodo dragons
  A redback zombie (D:14)
  2 ice devils (Lair:6)
  A harpy zombie (D:14)
  3 polar bears
  5 trolls
  A harpy skeleton (D:14)
  3 hornets
  2 wolf spider simulacra (IceCv)
  19 slime creatures
  33 blink frogs
  9 hippogriffs
  2 meliai zombies
  4 dream sheep (Lair:6)
  A shadow (D:13)
  A centaur simulacrum (D:15)
  3 spriggans
  5 wraiths
  A vampire (D:14)
  6 hungry ghosts
  8 wyverns
  65 yaks
  8 basilisks
  5 vampire mosquitoes (D:13)
  6 swamp worms (Lair:4)
  A warg (D:15)
  A naga (Lair:3)
  4 acid dragons
  A soldier ant (D:11)
  21 water moccasins
  7 porcupines
  6 sky beasts
  A meliai simulacrum (D:15)
  11 ice beasts
  A black bear (Lair:4)
  An eye of draining (D:15)
  2 hornet zombies (D:14)
  15 ogres
  28 orc warriors
  2 alligator simulacra (IceCv)
  7 wolves
  6 centaurs
  10 crocodiles
  14 bullfrogs
  4 big kobolds
  3 gnoll sergeants (D:11)
  A wyvern skeleton (D:11)
  A water moccasin zombie (D:12)
  2 scorpions
  8 killer bees
  7 wights
  2 electric eels
  3 howler monkeys
  6 draconian simulacra (IceCv)
  10 crimson imps
  2 bullfrog zombies
  12 orc priests
  10 hounds
  4 jellies
  25 orc wizards
  A bullfrog skeleton (D:13)
  16 centaur skeletons
  4 iguanas
  4 hell rats (Lair:2)
  6 troll simulacra (IceCv)
  11 worker ants
  A killer bee zombie (D:5)
  2 spriggan simulacra (IceCv)
  A hound zombie (D:7)
  14 gnolls
  3 naga simulacra (IceCv)
  3 ogre simulacra (IceCv)
  12 adders
  5 shadow imps
  12 white imps (IceCv)
  An ooze (D:1)
  An adder zombie (D:6)
  2 adder skeletons
  3 worms
  8 leopard geckos
  72 orcs
  A ball python (D:4)
  7 bats
  3 giant cockroaches
  7 goblins
  7 hobgoblins
  9 jackals
  12 kobolds
  5 quokkas
  9 frilled lizards
  A jackal skeleton (D:4)
  A leopard gecko skeleton (D:4)
  10 rats
838 creatures vanquished.

Vanquished Creatures (others)
  2 centaurs
  An orc (D:9)
  9 fungi
  26 plants
38 creatures vanquished.

Grand Total: 876 creatures vanquished

Notes
Turn   | Place    | Note
-------+----------+-------------------------------------------
     0 | D:1      | MirrMurr the Hill Orc Berserker began the quest for the Orb.
     0 | D:1      | Reached XP level 1. HP: 19/19 MP: 1/1
   309 | D:1      | Reached XP level 2. HP: 27/27 MP: 2/2
  1499 | D:2      | Reached XP level 3. HP: 27/33 MP: 3/3
  1859 | D:2      | Reached skill level 4 in Polearms
  1924 | D:2      | Reached ** piety under Trog
  1946 | D:2      | Reached XP level 4. HP: 27/40 MP: 4/4
  2397 | D:2      | Found a sacrificial altar of Ru.
  3034 | D:3      | Reached XP level 5. HP: 37/47 MP: 5/5
  3326 | D:3      | Found an opulent altar of Gozag.
  4120 | D:4      | Reached skill level 5 in Polearms
  4435 | D:4      | Found Edoqin's Assorted Antiques.
  4466 | D:4      | Reached *** piety under Trog
  4466 | D:4      | Reached skill level 5 in Fighting
  4466 | D:4      | Reached XP level 6. HP: 55/56 MP: 6/6
  4475 | D:4      | Bought a faintly glowing zirconium amulet for 125 gold pieces
  4475 | D:4      | Bought a scroll of identify for 50 gold pieces
  4475 | D:4      | Identified the amulet "Fureen" {Reflect Str+5 SH+6} (You bought it in a shop on level 4 of the Dungeon)
  4861 | D:4      | Found a staircase to the Ecumenical Temple.
  4886 | Temple   | Entered the Ecumenical Temple
  5308 | D:5      | Entered Level 5 of the Dungeon
  5361 | D:5      | Noticed an acid dragon
  5510 | D:5      | Killed an acid dragon
  5510 | D:5      | Reached XP level 7. HP: 46/61 MP: 7/7
  5746 | D:5      | Reached skill level 6 in Polearms
  5973 | D:5      | Found Vomowau's Weapon Shop.
  6584 | D:5      | Reached XP level 8. HP: 70/70 MP: 8/8
  6749 | D:5      | Reached skill level 7 in Polearms
  6749 | D:5      | Reached skill level 5 in Armour
  7182 | D:6      | Reached skill level 8 in Polearms
  7403 | D:6      | Reached XP level 9. HP: 79/79 MP: 9/9
  7750 | D:7      | Found a sparkling altar of Nemelex Xobeh.
  7751 | D:7      | Found a shimmering altar of Xom.
  7768 | D:7      | Found a shimmering altar of Xom.
  7833 | D:7      | Noticed a hornet
  7853 | D:7      | Killed a hornet
  7853 | D:7      | Reached **** piety under Trog
  8095 | D:7      | Found a shimmering altar of Xom.
  8095 | D:7      | Found a shimmering altar of Xom.
  8097 | D:7      | Noticed a meliai
  8112 | D:7      | a meliai changed into a soldier ant
  8185 | D:7      | Reached skill level 9 in Polearms
  8352 | D:8      | Noticed a two-headed ogre
  8375 | D:8      | Killed a two-headed ogre
  8445 | D:8      | Reached skill level 5 in Dodging
  8661 | D:8      | Reached XP level 10. HP: 90/90 MP: 10/10
  8717 | D:8      | Reached skill level 10 in Polearms
  9130 | D:9      | Noticed Joseph
  9148 | D:9      | Killed Joseph
  9281 | D:9      | Reached ***** piety under Trog
  9404 | D:9      | Noticed a two-headed ogre
  9416 | D:9      | Killed a two-headed ogre
  9416 | D:9      | Reached skill level 11 in Polearms
  9488 | D:9      | Noticed a two-headed ogre
  9502 | D:9      | Killed a two-headed ogre
  9820 | D:9      | Noticed Erolcha
  9834 | D:9      | Killed Erolcha
  9834 | D:9      | Reached XP level 11. HP: 79/99 MP: 11/11
 10113 | D:9      | Noticed Erica
 10126 | D:9      | Killed Erica
 10126 | D:9      | Reached skill level 10 in Fighting
 10259 | D:10     | Entered Level 10 of the Dungeon
 10294 | D:10     | Reached skill level 12 in Polearms
 11244 | D:11     | Noticed a death yak
 11245 | D:11     | Noticed a death yak
 11246 | D:11     | Noticed a death yak
 11246 | D:11     | Noticed a death yak
 11259 | D:11     | Noticed a death yak
 11276 | D:10     | Killed a death yak
 11293 | D:10     | Killed a death yak
 11619 | D:11     | Noticed a cyclops
 11638 | D:11     | Killed a cyclops
 11758 | D:11     | Noticed a death yak
 11787 | D:11     | Killed a death yak
 11794 | D:11     | Killed a death yak
 11812 | D:11     | Killed a death yak
 11812 | D:11     | Reached skill level 13 in Polearms
 11812 | D:11     | Reached XP level 12. HP: 108/108 MP: 12/12
 11834 | D:11     | Killed a death yak
 12079 | D:11     | Found a staircase to the Lair.
 12399 | D:11     | Reached skill level 10 in Armour
 12455 | D:11     | Found a staircase to the Orcish Mines.
 12488 | D:11     | Received a gift from Trog
 13269 | Lair:1   | Entered Level 1 of the Lair of Beasts
 14033 | Lair:1   | Reached skill level 14 in Polearms
 14933 | Lair:2   | Reached XP level 13. HP: 110/118 MP: 13/13
 15141 | Lair:3   | Noticed ldierk's ghost (journeyman MiGl)
 15162 | Lair:3   | Killed ldierk's ghost
 15267 | Lair:3   | Identified a scroll of acquirement
 15520 | Lair:3   | Found a staircase to the Snake Pit.
 16075 | Lair:4   | Noticed Josephine
 16087 | Lair:4   | Noticed Serafim's ghost (journeyman MiFi)
 16107 | Lair:4   | Killed Serafim's ghost
 16107 | Lair:4   | Received a gift from Trog
 16107 | Lair:4   | Reached skill level 15 in Polearms
 16322 | Lair:4   | Killed Josephine
 16940 | Lair:4   | Found a staircase to the Swamp.
 17830 | Lair:5   | Found a staircase to the Slime Pits.
 17831 | Lair:5   | Found a viscous altar of Jiyva.
 18052 | Lair:6   | Entered Level 6 of the Lair of Beasts
 18085 | Lair:6   | Found a frozen archway.
 18104 | IceCv    | Entered an ice cave
 18120 | IceCv    | Reached XP level 14. HP: 66/129 MP: 14/14
 18519 | IceCv    | Received a gift from Trog
 18704 | IceCv    | Reached skill level 16 in Polearms
 19072 | IceCv    | Found an ancient bone altar of Kikubaaqudgha.
 19756 | Lair:6   | Received a gift from Trog
 19789 | Lair:6   | Reached ****** piety under Trog
 19872 | Lair:6   | Paralysed by a hornet for 3 turns
 21041 | Lair:6   | Reached skill level 10 in Dodging
 21529 | Lair:6   | Reached skill level 17 in Polearms
 21821 | Lair:6   | Reached XP level 15. HP: 120/138 MP: 15/15
 22352 | D:11     | Received a gift from Trog
 23537 | D:13     | Found a gate to the Vaults.
 23553 | D:13     | Paralysed by a hornet for 1 turns
 24221 | D:14     | Found a shimmering altar of Xom.
 24267 | D:14     | Received a gift from Trog
 24371 | D:14     | Reached skill level 18 in Polearms
 24680 | D:14     | Reached skill level 15 in Fighting
 24986 | D:14     | Reached XP level 16. HP: 128/149 MP: 16/16
 25009 | D:14     | Noticed a bone dragon
 25022 | D:14     | Killed a bone dragon
 25337 | D:15     | Entered Level 15 of the Dungeon
 25912 | D:15     | Found a shadowy altar of Dithmenos.
 26622 | D:15     | Found a staircase to the Depths.
 27006 | Orc:1    | Entered Level 1 of the Orcish Mines
 27312 | Orc:1    | Found a roughly hewn altar of Beogh.
 27384 | Orc:1    | Found a radiant altar of Vehumet.
 27451 | Orc:1    | Received a gift from Trog
 27752 | Orc:2    | Entered Level 2 of the Orcish Mines
 27765 | Orc:2    | Received a gift from Trog
 27774 | Orc:2    | Reached skill level 19 in Polearms
 27786 | Orc:2    | Found a staircase to the Elven Halls.
 27820 | Orc:2    | Found Tuibanogh's Antique Weapon Emporium.
 27987 | Orc:2    | Found Medyumuj's Antique Armour Boutique.
 28001 | Orc:2    | HP: 8/228 [orc knight/great sword of electrocution (6)]
 28001 | Orc:2    | Mangled by an orc knight

Vault maps used:
D:1:      dpeg_arrival_three_same_balls
D:2:      nicolae_ru_path_of_blood, first_bread
D:3:      minmay_misc_feat_nine_boxes, nicolae_gozag_seed_capital
D:4:      minmay_temple_entry_trees, serial_shops, shop
D:5:      serial_shops, shop, minmay_divided_ellipse
D:6:      kb_forest_paths
D:7:      basic_altar, st_stairs_8, xom_shifter_show
D:9:      uniq_erica, uniq_erolcha, uniq_joseph
D:10:     the_bakery
D:11:     dpeg_lair_monsters, kennysheep_orc_monster_closet_entryway
D:12:     feat_on_display
D:13:     lightli_vaults_fourway_checkpoint
D:14:     basic_altar, minmay_misc_feat_cross, minmay_guarded_unrand_zonguldrok
D:15:     hangedman_depths_entry_try_elsewhere_first, roderic_lattice_a,
          basic_altar
Temple:   kilobyte_greek_temple
Lair:1:   serial_bayou, serial_bayou_lagoon_a, serial_bayou_pond_d,
          serial_bayou_pond_c, serial_bayou_ford_a, serial_bayou_pond_c,
          serial_bayou_pond_d, minmay_lair_oklob_chamber,
          infiniplex_staircase_pool_2
Lair:2:   minmay_guarded_unrand_snakebite
Lair:3:   guppyfry_snake_entry_garden, beast_lair_carwin_8
Lair:4:   nicolae_swamp_entry_splash_gauntlet, grunt_forest_stairs_clearing,
          grunt_megastairs_4, uniq_josephine
Lair:5:   slime_altar_1, lemuel_fruit_tree
Lair:6:   gammafunk_lair_ancient_temple, portal_ice_cave_demonic_guard,
          grunt_forest_large_clearing_hut
Orc:1:    basic_altar, mines2_david
Orc:2:    grunt_orc_gardens, grunt_orc_garden, grunt_orc_garden,
          grunt_orc_garden, grunt_orc_garden, serial_shops, bzr_entry_lakeside,
          nicolae_orc_rockfall
IceCv:    ice_cave_small_necro

Skill      XL: |  1  2  3  4  5  6  7  8  9 10 11 12 13 14 15 16 |
---------------+-------------------------------------------------+-----
Fighting       | 4 5 6 7 8 9 10 12 13 14 15 16 | 16.6
Dodging        | 2 3 4 5 6 7 8 9 10 11 | 11.3
Polearms       | 4 5 6 8 9 11 13 14 15 17 18 19 | 19.0
Armour         | 3 4 5 7 8 9 10 11 12 13 14 | 14.2

Action                   |  1- 3 |  4- 6 |  7- 9 | 10-12 | 13-15 | 16-18 || total
-------------------------+-------+-------+-------+-------+-------+-------++-------
Melee: Spear             |   145 |   355 |   382 |   855 |       |       ||  1737
       Halberd           |       |       |       |   132 |   225 |     7 ||   364
       Bardiche          |       |       |       |       |  1001 |   377 ||  1378
 Fire: Blowgun           |       |       |       |       |     1 |       ||     1
Throw: Stone             |    18 |       |       |       |       |       ||    18
       Javelin           |       |       |       |       |       |     3 ||     3
Invok: Berserk           |     2 |     2 |     4 |     6 |     8 |     2 ||    24
       Burn Spellbooks   |       |       |     2 |     1 |     3 |       ||     6
       Trog's Hand       |       |       |       |     4 |     5 |     1 ||    10
  Use: Scroll            |     2 |    10 |    10 |       |    22 |       ||    44
       Potion            |       |       |       |       |     3 |       ||     3
 Stab: Distracted        |       |     1 |       |       |       |       ||     1
  Eat: Chunk             |     3 |    13 |    12 |    30 |    35 |     8 ||   101
       Fruit             |     1 |       |     3 |       |    13 |     5 ||    22
       Royal jelly       |       |       |     1 |       |       |       ||     1
Armor: Animal skin       |     3 |       |       |       |       |       ||     3
       Leather armour    |    29 |     4 |       |       |       |       ||    33
       Scale mail        |       |    47 |       |       |       |       ||    47
       Chain mail        |       |    55 |     8 |       |       |       ||    63
       Plate armour      |       |       |   101 |   219 |   571 |   189 ||  1080
Dodge: Dodged            |    82 |    94 |    42 |   127 |   645 |   191 ||  1181
       Deflected         |       |       |     1 |     8 |    18 |     4 ||    31
Block: Shield            |       |    65 |   145 |   293 |       |       ||   503
       Reflection        |       |       |    10 |    11 |    10 |     4 ||    35
       Other             |       |       |       |    18 |   327 |    98 ||   443
